Map: Submarine LE

Players

MacroKing - Winner!

  • Race: Terran Terran
  • League: Diamond
  • Spawn Location: 5:00

PrincePlaya

  • Race: Zerg Zerg
  • League: Platinum
  • Spawn Location: 11:00

VOD

Have the link to the VOD?

Description

Time

  • Played on: July 29, 2020, 2:07 p.m.
  • Length: 27:48
Show
View Real Time Build Order
Export as new Build Order

MacroKing Terran - Winner!

Build Orders: Command Center First (CC) 

Get SALT Encoding   

  12  0:04  SCV  
  13  0:18  SCV  
  14  0:30  SCV  
  15  0:50  Command Center  
  15  0:58  Refinery  
  15  1:04  Refinery  
  15  1:17  Engineering Bay  
  15  1:48  Supply Depot  
  15  1:54  Supply Depot  
  15  2:02  SCV  
  16  2:22  Planetary Fortress  
  16  2:26  Barracks  
  16  2:36  Supply Depot  
  16  2:50  Barracks  
  16  3:02  Barracks  
  16  3:08  Planetary Fortress  
  17  3:20  SCV  
  17  3:27  Hi-Sec Auto Tracking  
  17  3:51  Factory  
  17  3:58  SCV  
  18  4:10  SCV  
  18  4:11  SCV  
  20  4:22  SCV  
  20  4:23  SCV  
  22  4:35  SCV, Factory Tech Lab  
  22  4:36  SCV  
  24  4:48  SCV, Supply Depot  
  25  5:03  Siege Tank  
  28  5:11  SCV  
  29  5:19  Missile Turret  
  29  5:35  Siege Tank  
  32  6:01  Missile Turret  
  32  6:03  Missile Turret  
  32  6:08  Cyclone  
  35  6:16  Missile Turret  
  35  6:23  Missile Turret  
  35  6:31  Missile Turret  
  35  6:40  Cyclone  
  35  6:52  SCV  
  36  7:04  SCV  
  37  7:10  SCV  
  37  7:12  Cyclone  
  41  7:17  SCV  
  41  7:22  SCV  
  43  8:00  Cyclone  
  46  8:19  Neosteel Armor  
  46  8:58  Supply Depot x2  
  46  8:59  Supply Depot  
  44  9:11  Cyclone  
  40  9:38  Command Center  
  34  9:43  Cyclone  
  37  9:55  Starport x2  
  37  9:56  SCV  
  33  10:09  SCV  
  37  10:22  Widow Mine  
  36  10:50  Starport Tech Lab x2  
  36  10:53  Liberator x2  
  39  10:58  Widow Mine  
  38  11:07  SCV  
  38  11:19  SCV  
  39  11:36  Liberator x2  
  45  11:44  SCV, Starport  
  45  11:46  Refinery  
  46  11:56  SCV, Widow Mine  
  49  12:14  Supply Depot  
  49  12:20  Fusion Core, Starport Tech Lab  
  46  12:31  Liberator  
  49  12:43  Marine  
  46  13:55  Battlecruiser  
  52  13:58  SCV  
  50  15:05  Barracks  
  45  15:39  Planetary Fortress  
  44  16:37  Factory  
  41  17:02  Supply Depot  
  41  17:03  Supply Depot x2  
  41  17:13  Refinery  
  38  17:24  SCV  
  38  17:25  Hellion  
  41  17:36  SCV  
  42  17:42  Hellion  
  44  17:48  SCV  
  45  18:00  SCV  
  45  18:04  Supply Depot  
  46  18:26  Hellion, Widow Mine, Liberator  
  53  18:48  Hellion  
  52  19:09  Battlecruiser  
  55  19:29  Supply Depot  
  55  19:51  Hellion  
  59  19:59  Supply Depot  
  53  20:13  Hellion  
  55  20:34  Hellion  
  57  20:38  Liberator  
  57  20:39  Liberator  
  63  20:55  Hellion, Liberator  
  67  21:02  Barracks  
  67  21:17  Hellion  
  69  21:22  Supply Depot  
  69  21:24  Supply Depot  
  69  21:38  Hellion  
  65  22:41  Battlecruiser  
  65  22:43  Hellion  
  73  22:52  Weapon Refit  
  73  23:05  Hellion  
  75  23:32  Armory, Supply Depot  
  75  24:03  Hellion  
  74  24:23  Battlecruiser  
  77  24:24  Hellion, Starport Tech Lab x2  
  75  24:46  Hellion  
  63  25:33  Battlecruiser  
  63  25:35  Hellion  
  71  25:56  Hellion  
  73  26:18  Command Center  
  75  26:20  Widow Mine  
  75  26:42  Widow Mine  
  77  27:03  Widow Mine  
  79  27:24  Widow Mine  
Show
View Real Time Build Order
Export as new Build Order

PrincePlaya Zerg 

Build Orders: Hatch First, Swarm Host 

Get SALT Encoding   

  12  0:00  Drone  
  13  0:08  Drone  
  14  0:34  Hatchery  
  13  0:38  Drone  
  13  0:42  Extractor  
  13  0:46  Drone  
  14  1:00  Spawning Pool  
  13  1:09  Overlord  
  13  1:13  Drone  
  14  1:41  Drone  
  15  1:49  Metabolic Boost  
  15  1:50  Queen  
  17  1:55  Queen  
  19  2:15  Zergling x4  
  21  2:16  Drone  
  21  2:20  Drone  
  23  2:23  Drone  
  24  2:30  Drone  
  25  2:48  Lair  
  23  3:15  Evolution Chamber, Drone x4  
  23  3:16  Drone x2  
  28  3:31  Spine Crawler  
  27  3:37  Drone  
  28  3:41  Extractor  
  28  3:45  Overlord x2  
  27  3:49  Zerg Missile Weapons Level 1  
  27  3:54  Infestation Pit  
  26  4:08  Drone x5  
  31  4:41  Nydus Network  
  31  4:42  Drone x7  
  37  5:10  Extractor  
  37  5:13  Extractor  
  35  5:15  Drone x7  
  42  5:41  Overlord x2  
  42  5:55  Overlord  
  42  5:57  Overlord  
  42  6:00  Swarm Host x5  
  54  6:37  Swarm Host x2  
  59  6:46  Swarm Host  
  62  6:57  Swarm Host  
  65  7:17  Swarm Host  
  68  7:48  Swarm Host  
  70  7:51  Overlord x2  
  60  8:17  Swarm Host x2  
  60  8:40  Swarm Host x2  
  66  8:47  Spore Crawler  
  63  9:13  Swarm Host x3  
  69  9:36  Zerg Missile Weapons Level 2  
  69  10:16  Nydus Canal  
  69  10:26  Spore Crawler  
  65  11:11  Nydus Canal  
  65  11:28  Swarm Host  
  68  11:46  Overlord x3  
  68  12:23  Swarm Host x3  
  77  12:31  Queen  
  77  12:32  Spine Crawler  
  77  12:34  Spine Crawler  
  77  13:15  Spore Crawler  
  77  13:18  Spore Crawler  
  75  13:20  Spore Crawler  
  75  13:24  Spore Crawler  
  73  13:48  Swarm Host x3  
  76  15:33  Queen  
  78  15:40  Nydus Canal  
  78  15:59  Spore Crawler  
  78  16:03  Zergling x12  
  83  16:18  Spore Crawler  
  74  16:56  Spore Crawler  
  72  17:55  Evolution Chamber  
  72  17:58  Spire  
  72  18:01  Queen  
  72  18:37  Queen  
  67  19:15  Drone x3  
  70  19:25  Pneumatized Carapace  
  70  19:57  Zergling x2  
  70  19:58  Zergling x4  
  73  20:08  Queen  
  75  20:21  Spire  
  73  20:53  Nydus Canal  
  73  21:26  Nydus Canal  
  71  22:35  Corruptor x2  
  71  22:36  Corruptor  
  77  22:54  Overlord  
  77  23:11  Nydus Canal  
  77  23:31  Overlord x2  
  77  23:40  Nydus Canal  
  77  23:44  Spore Crawler  
  76  23:59  Drone x2  
  78  24:41  Spore Crawler  
  76  24:56  Corruptor  
  70  25:18  Corruptor  
  70  25:19  Corruptor x2  
  70  26:09  Nydus Canal  
  70  26:16  Zergling x6  
Tags
 
Add a new tag
Caveats
  • Supply blocks, unpowered buildings, or Contaminate may cause inaccurate times.
  • Supply counts are checked every 10 seconds.